 Dungeon Crawl Stone Soup version 0.28-a0-1167-g616b1c6417 (webtiles) character file.

Game seed: 12180023493912331897

7130 ChaosChampion the Eclecticist (level 10, -3/50 HPs)
             Began as a Deep Elf Conjurer on Dec 16, 2021.
             Was a Believer of Vehumet.
             Shot with an arrow by a centaur warrior (8 damage)
             ... on level 9 of the Dungeon.
             The game lasted 00:21:16 (13114 turns).

ChaosChampion the Eclecticist (Deep Elf Conjurer)  Turns: 13114, Time: 00:21:17

Health: -3/50      AC:  7    Str:  4    XL:     10   Next: 85%
Magic:  24/33      EV: 13    Int: 28    God:    Vehumet [**....]
Gold:   637        SH:  0    Dex: 17    Spells: 32/43 levels left

rFire   . . .      SeeInvis +   n - +1 flail "Bulapy" {drain, *Slow Dex+4 SInv Stlth+}
rCold   . . .      Faith    .   (no shield)
rNeg    . . .      Spirit   .   a - +0 robe
rPois   .          Reflect  .   (no helmet)
rElec   .          Harm     .   (no cloak)
rCorr   .          Rampage  .   f - +2 pair of gloves
Will    +....      Rage     1%  k - +0 pair of boots
Stlth   +++.......              o - amulet of the acrobat
HPRegen 0.16/turn               (no ring)
MPRegen 0.23/turn               (no ring)

@: about to teleport, hasted, invisible, very quick
A: berserk 1, shaggy fur 1
a: Renounce Religion


You were on level 9 of the Dungeon.
You worshipped Vehumet.
Vehumet was pleased with you.
You visited 2 branches of the dungeon, and saw 10 of its levels.
You also visited: Ossuary.

You collected 637 gold pieces.

Inventory:

Hand Weapons
 n - the +1 flail "Bulapy" (weapon) {drain, *Slow Dex+4 SInv Stlth+}
   (You found it on level 5 of the Dungeon)

   A truly terrible weapon, it drains the life of any living foe it strikes.
   Dex:       It affects your dexterity (+4).
   SInv:      It lets you see invisible.
   *Slow:     It may slow you when you take damage.
   Stlth:     It makes you more stealthy.
Missiles
 e - 3 curare-tipped darts
Armour
 a - a +0 robe (worn)
 d - the +4 plate armour of Hedge Wizardry {MP+9 Int+3}
   (You found it on level 7 of the Dungeon)

   Int:       It affects your intelligence (+3).
   MP:        It affects your magic capacity (+9).
 f - a +2 pair of gloves (worn)
 k - a +0 pair of boots (worn)
 p - a +2 scale mail of poison resistance
 B - a +0 pair of boots
Magical Staves
 w - a staff of conjuration
Jewellery
 h - a ring of fire
 o - an amulet of the acrobat (around neck)
 u - the amulet of Uhaymmunt {Faith Int+4}
   (You found it on level 6 of the Dungeon)

   [amulet of faith]

   It allows you to gain divine favour quickly.
   Int:       It affects your intelligence (+4).
Wands
 r - a wand of digging (3)
 x - a wand of iceblast (17)
 y - a wand of flame (14)
Scrolls
 c - a scroll of teleportation
 v - a scroll of identify
Potions
 b - 3 potions of flight
 g - 2 potions of magic {unknown}
 i - 3 potions of resistance
 j - a potion of invisibility
 l - 2 potions of curing {unknown}
 m - 2 potions of lignification
 q - 2 potions of haste
 s - a potion of heal wounds {unknown}
 t - 2 potions of might {unknown}
 z - a potion of brilliance
 A - a potion of degeneration
Miscellaneous
 C - a phial of floods


   Skills:
 - Level 2.4 Dodging
 - Level 2.4 Stealth
 * Level 17.0 Spellcasting
 + Level 11.2 Conjurations
 - Level 3.0 Translocations
 - Level 3.0 Poison Magic


You had 32 spell levels left.
You knew the following spells:

 Your Spells              Type           Power      Damage    Failure   Level
a - Magic Dart            Conj           100%       1d8       1%          1
b - Searing Ray           Conj           100%       2d8       1%          2
c - Olgreb's Toxic Radia  Pois           40%        N/A       5%          4
d - Iskenderun's Mystic   Conj/Tloc      59%        2d12      1%          4

Your spell library contained the following spells:

 Spells                   Type           Power      Damage    Failure   Level
 Foxfire                  Conj/Fire      100%       2x1d9     1%          1
 Sting                    Tmut/Pois      100%       1d8       1%          1
 Poisonous Vapours        Pois/Air       64%        N/A       1%          2
 Static Discharge         Conj/Air       53%        N/A       1%          2
 Dazzling Flash           Conj/Hex       100%       N/A       1%          3
 Gell's Gravitas          Tloc           40%        N/A       1%          3
 Teleport Other           Tloc           40%        N/A       1%          3
 Fulminant Prism          Conj/Hex       26%        3d14      1%          4
 Corpse Rot               Necr/Air       46%        N/A       3%          2
 Lightning Bolt           Conj/Air       26%        1d42      5%          5
 Freezing Cloud           Conj/Ice/Air   22%        6-21      12%         5
 Dispel Undead            Necr           23%        3d12      19%         4
 Dispersal                Tloc           20%        N/A       65%         6
 Death Channel            Necr           11%        N/A       96%         6
 Simulacrum               Ice/Necr       11%        N/A       96%         6
 Maxwell's Capacitive Co  Air            11%        ∞         100%        8
 Polar Vortex             Ice            11%        N/A       100%        9


Dungeon Overview and Level Annotations

Branches:
Dungeon (9/15)             Temple (1/1) D:7         Ossuary (visited)
   Lair: D:8-11         Orc: D:9-12

Altars:
Ashenzari
Cheibriados
Dithmenos
Elyvilon
Fedhas
Gozag
Hepliaklqana
Kikubaaqudgha
Makhleb
Nemelex Xobeh
Okawaru
Qazlal
Ru
Sif Muna
Trog
Uskayaw
Vehumet
Wu Jian
Xom
Yredelemnul
Zin
The Shining One

Shops:
D:6 [   D:8 :


Innate Abilities, Weirdness & Mutations

You tend to lose your temper in combat.
You are covered in fur. (AC +1)


Message History

C - a phial of floods A centaur warrior comes into view.
A centaur warrior is nearby!
A centaur warrior is nearby!
A centaur warrior is nearby!
Casting: Olgreb's Toxic Radiance (dangerous; 5% risk of failure)
Confirm with . or Enter, or press ? or * to list all spells.
You begin to radiate toxic energy.
The centaur warrior is poisoned.
The centaur warrior wields a +0 shortbow.
The centaur warrior shoots an arrow.
The arrow hits you!
Your toxic aura wanes.
The centaur warrior shoots an arrow.
The arrow completely misses you.
You feel agile.
You sense an unholy aura.
n - the +1 flail "Bulapy" (weapon)
{drain, *Slow Dex+4 SInv Stlth+}
Casting: Olgreb's Toxic Radiance (dangerous; 5% risk of failure)
Confirm with . or Enter, or press ? or * to list all spells.
You erupt in a blast of force!
The centaur warrior shoots an arrow.
The arrow closely misses you.
The centaur warrior shoots an arrow.
The arrow barely misses you.
The centaur warrior shoots an arrow.
The arrow misses you.
Casting: Iskenderun's Mystic Blast (dangerous; 1% risk of failure)
Confirm with . or Enter, or press ? or * to list all spells.
You erupt in a blast of force!
The mystic blast hits the centaur warrior!
The centaur warrior is lightly wounded.
The centaur warrior shoots an arrow.
The arrow hits you!!
Ouch! That really hurt!
* * * LOW HITPOINT WARNING * * *
The centaur warrior shoots an arrow.
The arrow closely misses you.
Okay, then.
As you read the scroll of teleportation, it crumbles to dust.
You feel strangely unstable.
You fade into invisibility!
The centaur warrior shoots an arrow.
The arrow barely misses you.
The centaur warrior shoots an arrow.
The arrow hits you.
* * * LOW HITPOINT WARNING * * *
You feel yourself speed up.
The centaur warrior shoots an arrow.
The arrow hits you!
You die...

#.# #.....###....###....#.# #.#
#.......###....###....# #.#####
#..#.#....###....###..# #.....#
#..#†###....###....#### #.....#
#......###... ###....##
.#.....####........###. c###....
..)....'..#....##....# #.. ###..
.......##.#........###c...###....
.......##.#.....@###....###....##
.....####.#..#c###....###....####
.....# #.#..#.#....###....###..#
.....# #.#...c..c###....###....#
###### #.#†....###....###....#.#
#.#.#.###....###....###.#
#.#.#.#....###....###...#
########.#.............###.....#
.........#.############# #######


You could see a centaur warrior.

Vanquished Creatures
  2 boulder beetles (D:9)
  An ugly thing (D:9)
  A hornet (D:9)
  A centaur simulacrum (D:9)
  Sigmund (D:4)
  A wyvern (D:9)
  3 yaks (D:8)
  2 water moccasins (D:6)
  2 acid dragons (D:9)
  2 orc warriors
  A sky beast (D:7)
  3 ogres
  2 ice beasts
  4 centaurs
  A necrophage (D:5)
  A kobold brigand (D:7)
  6 elf zombies (Ossuary)
  3 bullfrogs
  2 scorpions
  13 killer bees (D:8)
  4 howler monkeys
  3 bullfrog zombies
  3 jellies
  4 hounds
  A gnoll shaman (D:4)
  2 human zombies (Ossuary)
  7 orc priests
  3 bullfrog skeletons
  3 centaur skeletons
  2 iguanas (D:5)
  5 orc wizards
  A scorpion zombie (D:5)
  2 killer bee zombies
  A hound zombie (Ossuary)
  3 mummies (Ossuary)
  7 gnolls
  A howler monkey skeleton (D:5)
  7 adders
  A shadow imp (D:7)
  A white imp (D:7)
  4 adder zombies (Ossuary)
  A worm (D:3)
  35 orcs
  9 bats
  5 endoplasms
  4 giant cockroaches
  A gnoll zombie (Ossuary)
  10 goblins
  13 hobgoblins
  4 jackals (D:3)
  A quokka (D:5)
  2 ball pythons
  2 frilled lizards
  3 goblin zombies (Ossuary)
  A hobgoblin zombie (Ossuary)
  2 jackal zombies (Ossuary)
  15 kobolds
  3 kobold zombies (Ossuary)
  An orc zombie (Ossuary)
  8 quokka zombies (Ossuary)
  6 rats
  4 rat zombies (Ossuary)
247 creatures vanquished.

Notes
Turn   | Place    | Note
-------+----------+-------------------------------------------
     0 | D:1      | ChaosChampion the Deep Elf Conjurer began the quest for the
                  | Orb.
     0 | D:1      | Reached XP level 1. HP: 10/10 MP: 6/6
   206 | D:1      | Reached XP level 2. HP: 15/15 MP: 6/8
   883 | D:1      | Reached skill level 4 in Spellcasting
   886 | D:1      | Learned a level 2 spell: Searing Ray
  1059 | D:2      | Reached XP level 3. HP: 19/19 MP: 7/10
  1346 | D:2      | Reached skill level 5 in Spellcasting
  1346 | D:2      | Reached skill level 5 in Conjurations
  1478 | D:2      | Reached XP level 4. HP: 24/24 MP: 10/13
  2648 | D:3      | Found a glowing golden altar of the Shining One.
  2996 | D:4      | Reached skill level 6 in Spellcasting
  2996 | D:4      | Reached XP level 5. HP: 28/28 MP: 10/15
  3659 | D:4      | Reached skill level 7 in Spellcasting
  3798 | D:4      | Reached XP level 6. HP: 32/32 MP: 6/18
  4371 | D:4      | Reached skill level 8 in Spellcasting
  4833 | D:4      | Reached XP level 7. HP: 36/36 MP: 17/20
  4977 | D:4      | Noticed Sigmund
  5008 | D:4      | Learned a level 4 spell: Iskenderun's Mystic Blast
  5050 | D:4      | Killed Sigmund
  5051 | D:4      | Reached skill level 9 in Spellcasting
  5163 | D:5      | Entered Level 5 of the Dungeon
  5163 | D:5      | Found a sand-covered staircase.
  5179 | Ossuary  | Entered an ossuary
  5661 | Ossuary  | Reached skill level 10 in Spellcasting
  5665 | Ossuary  | Reached XP level 8. HP: 37/41 MP: 3/24
  6198 | Ossuary  | Reached skill level 11 in Spellcasting
  6285 | D:4      | Learned a level 4 spell: Olgreb's Toxic Radiance
  6527 | D:5      | Identified the +1 flail "Bulapy" {drain, *Slow Dex+4 SInv
                  | Stlth+}
  6638 | D:5      | Reached skill level 12 in Spellcasting
  7389 | D:6      | Found Ecypleoxt's Armour Shoppe.
  7415 | D:6      | Reached XP level 9. HP: 45/45 MP: 19/27
  7662 | D:6      | Reached skill level 1 in Translocations
  7662 | D:6      | Reached skill level 1 in Poison Magic
  7844 | D:6      | Reached skill level 13 in Spellcasting
  8153 | D:6      | Identified the amulet of Uhaymmunt {Faith Int+4}
  8438 | D:7      | Found a staircase to the Ecumenical Temple.
  8488 | Temple   | Entered the Ecumenical Temple
  8763 | Temple   | Became a worshipper of Vehumet
  9710 | D:7      | Reached * piety under Vehumet
  9710 | D:7      | Offered knowledge of Sandblast by Vehumet.
  9712 | D:7      | Identified the +4 plate armour of Hedge Wizardry {MP+9
                  | Int+3}
 10229 | D:8      | Reached skill level 14 in Spellcasting
 10790 | D:8      | Reached XP level 10. HP: 50/50 MP: 20/30
 10814 | D:8      | Reached skill level 10 in Conjurations
 10815 | D:8      | Reached skill level 15 in Spellcasting
 11206 | D:8      | Found Kuazouv's Book Shop.
 11386 | D:8      | Offered knowledge of Foxfire by Vehumet.
 11386 | D:8      | Reached ** piety under Vehumet
 12168 | D:9      | Noticed a white ugly thing
 12184 | D:9      | Gained mutation: You are covered in fur. (AC +1) [potion of
                  | mutation]
 12184 | D:9      | Gained mutation: You sometimes lose the ability to read
                  | scrolls when taking damage. [potion of mutation]
 12184 | D:9      | Gained mutation: You have sharp toenails. [potion of
                  | mutation]
 12185 | D:9      | Lost mutation: You sometimes lose the ability to read
                  | scrolls when taking damage. [potion of mutation]
 12185 | D:9      | Lost mutation: You have sharp toenails. [potion of
                  | mutation]
 12185 | D:9      | Lost mutation: You are covered in fur. (AC +1) [potion of
                  | mutation]
 12185 | D:9      | Gained mutation: You sometimes lose the ability to read
                  | scrolls when taking damage. [potion of mutation]
 12185 | D:9      | Gained mutation: Your muscles are strong. (Str +2) [potion
                  | of mutation]
 12186 | D:9      | Lost mutation: Your muscles are strong. (Str +2) [potion of
                  | mutation]
 12186 | D:9      | Lost mutation: You sometimes lose the ability to read
                  | scrolls when taking damage. [potion of mutation]
 12186 | D:9      | Gained mutation: You are covered in fur. (AC +1) [potion of
                  | mutation]
 12186 | D:9      | Gained mutation: You tend to lose your temper in combat.
                  | [potion of mutation]
 12203 | D:9      | Killed a white ugly thing
 12288 | D:9      | Noticed a boulder beetle
 12498 | D:9      | Reached skill level 16 in Spellcasting
 12815 | D:9      | Noticed a boulder beetle
 12961 | D:9      | Killed a boulder beetle
 13065 | D:9      | Killed a boulder beetle
 13066 | D:9      | Reached skill level 17 in Spellcasting
 13097 | D:9      | Noticed a centaur warrior
 13114 | D:9      | Shot with an arrow by a centaur warrior

Illustrated notes

Levels and vault maps discovered:
D:1:      minmay_arrival_doors, layout_basic
D:2:      layout_basic, shapermc_ecumenical_altar_mp_highgroup
D:3:      layout_loops_ring, tso_altar
D:4:      cheibrodos_greedy_goblins, layout_cave_pools, uniq_sigmund
D:5:      layout_basic, nicolae_ossuary_entry_ruins, minmay_misc_feat_nine_boxes
D:6:      layout_loops_ring, serial_shops, nicolae_shop_crystal
D:7:      layout_loops_corners, minmay_temple_entry_slanted
D:8:      layout_cave_pods, serial_shops, nicolae_shop_statue_plus
D:9:      minmay_tri_box, layout_basic, david_orc_2
Temple:   nicolae_temple_the_god_donut

Skill      XL: |  1  2  3  4  5  6  7  8  9 10 |
---------------+-------------------------------+-----
Spellcasting   | 4 5 6 7 8 10 12 14 17 | 17.0
Conjurations   | 5 6 7 8 9 11 | 11.2
Translocations | 3 |  3.0
Poison Magic   | 3 |  3.0
Dodging        | |  2.4
Stealth        | |  2.4

Action                   |  1- 3 |  4- 6 |  7- 9 | 10-12 || total
-------------------------+-------+-------+-------+-------++-------
Melee: Unarmed           |       |       |     2 |       ||     2
 Cast: Magic Dart        |    34 |    81 |    94 |    16 ||   225
       Searing Ray       |     7 |    44 |   133 |    25 ||   209
       Iskenderun's Myst |       |       |    17 |    26 ||    43
       Olgreb's Toxic Ra |       |       |       |    14 ||    14
  Use: Scroll            |       |     5 |     8 |     4 ||    17
       Potion            |       |       |       |     5 ||     5
Armor: Robe              |       |     3 |    18 |     6 ||    27
Dodge: Dodged            |     2 |    28 |    68 |    29 ||   127

Table legend: (Time is in decaauts)
 A = Elapsed time spent in this place.
 B = Non-inter-level travel time spent in this place.
 C = Inter-level travel time spent in this place.
 D = Time resting spent in this place.
 E = Time spent auto-exploring this place.
 F = Levels seen in this place.
 G = Mean time per level.
                   A        B        C        D        E       F      G
               +--------+--------+--------+--------+--------+-----+--------+
         Total |  13126 |  12803 |    323 |   1598 |   9276 |  11 | 1193.3 |
       Dungeon |  11747 |  11448 |    299 |   1505 |   8277 |   9 | 1305.2 |
        Temple |    299 |    275 |     24 |      0 |    228 |   1 |  299.0 |
       Ossuary |   1079 |   1079 |      0 |     93 |    771 |   1 | 1079.0 |
               +--------+--------+--------+--------+--------+-----+--------+

Top non-repeatable levels by time:
     D:3: 2230 daAuts
     D:8: 1557 daAuts
     D:7: 1500 daAuts
     D:9: 1335 daAuts
     D:5: 1110 daAuts
     D:4: 1094 daAuts
 Ossuary: 1079 daAuts
     D:6: 1054 daAuts
     D:1: 968 daAuts
     D:2: 895 daAuts
  Temple: 299 daAuts
